Map: Bridgehead LE (Void)

Players

NoRegreT - Winner!

  • Race: Zerg Zerg
  • League: Master

NightEnD

  • Race: Protoss Protoss
  • League: Master

Event: ASL Season 5 Prime League LOTV Beta

VOD

Have the link to the VOD?

Description

Time

  • Played on: Sept. 29, 2015, 9:18 a.m.
  • Length: 7:14

All games in this series

Show
View Real Time Build Order
Export as new Build Order

NoRegreT Zerg - Winner!

Build Orders: 3 Hatch before Pool 

Get SALT Encoding   

  12  0:01  Drone  
  13  0:07  Drone  
  14  0:18  Extractor  
  14  0:19  Drone, Extractor  
  14  0:21  Drone  
  14  0:27  Overlord  
  16  0:49  Hatchery  
  15  0:51  Drone  
  15  0:54  Drone  
  17  0:59  Drone  
  18  1:18  Extractor  
  17  1:28  Hatchery  
  16  1:34  Spawning Pool  
  16  1:37  Drone  
  16  1:40  Drone  
  16  1:44  Drone  
  18  1:49  Drone  
  19  1:58  Drone  
  20  2:01  Drone  
  21  2:10  Drone  
  21  2:12  Drone  
  23  2:21  Drone  
  23  2:22  Queen  
  24  2:24  Queen  
  28  2:30  Metabolic Boost  
  28  2:37  Overlord  
  28  2:43  Spine Crawler  
  27  2:47  Spine Crawler  
  26  2:54  Queen  
  26  2:57  Zergling x2  
  29  2:59  Zergling x2  
  29  3:05  Overlord  
  30  3:07  Zergling x2  
  30  3:10  Zergling x2  
  30  3:12  Zergling x2  
  33  3:15  Zergling x2  
  33  3:16  Zergling x2  
  35  3:25  Zergling x2  
  35  3:26  Zergling x6  
  39  3:28  Zergling x2  
  40  3:35  Queen  
  40  3:38  Zergling x2  
  40  3:41  Zergling x2  
  44  3:43  Zergling x2  
  44  3:44  Zergling x2  
  46  3:49  Zergling x2  
  46  3:50  Zergling x2  
  46  3:52  Zergling x2  
  46  3:54  Zergling x2  
  50  4:00  Zergling x2  
  50  4:07  Zergling x2  
  49  4:12  Zergling x2  
  49  4:16  Zergling x2  
  50  4:21  Zergling x4  
  49  4:29  Zergling x2  
  49  4:31  Zergling x4  
  49  4:32  Zergling x2  
  49  4:35  Zergling x2  
  50  4:43  Zergling x4  
  50  4:44  Overlord  
  50  4:50  Zergling x4  
  50  4:51  Zergling x2  
  49  4:59  Zergling x2  
  50  5:04  Zergling x6  
  52  5:10  Zergling x10  
  54  5:16  Zergling x4  
  53  5:25  Zergling x2  
  53  5:26  Zergling x2  
  53  5:28  Zergling x2  
  53  5:33  Spore Crawler  
  53  5:35  Zergling x2  
  48  5:36  Spore Crawler x2  
  48  5:37  Spore Crawler  
  48  5:38  Drone  
  39  5:45  Zergling x4  
  38  5:52  Drone  
  34  6:13  Zergling x4  
  34  6:14  Zergling x2  
  33  6:21  Zergling x4  
  33  6:22  Zergling x2  
  33  6:23  Zergling x2  
  37  6:27  Zergling x2  
  36  6:33  Zergling x2  
  36  6:35  Zergling x2  
Show
View Real Time Build Order
Export as new Build Order

NightEnD Protoss 

Build Orders: 1 Gate Expand, Dark Templar Rush 

Get SALT Encoding   

  12  0:00  Probe (Chrono Boost)  
  13  0:10  Probe (Chrono Boost)  
  14  0:19  Pylon  
  14  0:21  Probe (Chrono Boost)  
  15  0:37  Probe (Chrono Boost)  
  15  0:39  Gateway  
  16  0:47  Probe (Chrono Boost)  
  17  0:56  Probe (Chrono Boost)  
  18  1:06  Probe (Chrono Boost)  
  19  1:16  Probe (Chrono Boost)  
  20  1:24  Nexus  
  20  1:26  Probe (Chrono Boost)  
  20  1:32  Pylon  
  21  1:36  Probe (Chrono Boost)  
  21  1:39  Assimilator  
  22  1:43  Assimilator  
  22  1:46  Probe (Chrono Boost)  
  23  1:56  Probe (Chrono Boost)  
  23  1:58  Cybernetics Core  
  24  2:05  Zealot  
  24  2:06  Probe (Chrono Boost)  
  27  2:16  Probe (Chrono Boost)  
  28  2:26  Probe (Chrono Boost)  
  29  2:37  Pylon  
  29  2:39  Twilight Council  
  29  2:42  Gateway  
  29  2:46  Mothership Core (Chrono Boost), Warp Gate (Chrono Boost)  
  31  2:53  Probe (Chrono Boost)  
  31  2:58  Adept  
  34  3:03  Probe x2 (Chrono Boost)  
  36  3:12  Probe (Chrono Boost)  
  36  3:13  Probe (Chrono Boost)  
  38  3:21  Probe  
  38  3:24  Probe  
  38  3:25  Dark Shrine  
  40  3:35  Adept, Pylon  
  40  3:37  Pylon  
  40  3:38  Adept  
  44  3:44  Pylon  
  44  3:52  Gateway  
  44  3:54  Gateway  
  44  4:09  Adept x2  
  46  4:21  Pylon  
  46  4:37  Pylon  
  46  4:39  Pylon  
  46  4:40  Pylon  
  40  4:52  Dark Templar x3  
  38  5:15  Adept  
  28  5:25  Adept x2  
  25  5:30  Adept  
  18  6:12  Dark Templar  
Tags
 
Add a new tag
Caveats
  • Supply blocks, unpowered buildings, or Contaminate may cause inaccurate times.
  • Supply counts are checked every 10 seconds.